 Dungeon Crawl Stone Soup version 0.26.1-10-gdfb7c7de75 (webtiles) character file.

Game seed: 17196521703410282683

16 CrazyMind the Grave Robber (level 2, -2/19 HPs)
             Began as a Demonspawn Necromancer on Apr 10, 2021.
             Killed from afar by a dart slug (4 damage)
             ... with a slug dart
             ... on level 1 of the Dungeon.
             The game lasted 00:07:18 (1098 turns).

CrazyMind the Grave Robber (Demonspawn Necromancer) Turns: 1098, Time: 00:07:19

Health: -2/19      AC:  2    Str:  8    XL:     2   Next: 41%
Magic:  1/5        EV: 12    Int: 16    God:
Gold:   56         SH:  0    Dex: 13    Spells: 3/5 levels left

rFire    . . .     SeeInvis .   c - +0 whip
rCold    . . .     Faith    .   (no shield)
rNeg     . . .     Spirit   .   a - +0 robe
rPois    .         Reflect  .   (helmet restricted)
rElec    .         Harm     .   (no cloak)
rCorr    .         Rampage  .   (no gloves)
Will     .....                  (no boots)
Stlth    ++........             (no amulet)
HPRegen  0.06/turn              (no ring)
MPRegen  0.09/turn              (no ring)

@: no status effects
A: antennae 1
a: no special abilities


You were on level 1 of the Dungeon.
You visited 1 branch of the dungeon, and saw 1 of its levels.

You collected 56 gold pieces.

Inventory:

Hand Weapons
 c - a +0 whip (weapon)
Missiles
 b - 10 arrows
 d - 24 stones
Armour
 a - a +0 robe (worn)


   Skills:
 + Level 1.7 Dodging
 - Level 1.7 Stealth
 + Level 2.1 Spellcasting
 * Level 5.1 Necromancy


You had 3 spell levels left.
You knew the following spells:

 Your Spells              Type           Power        Failure   Level
a - Pain                  Necr           72%          2%          1
b - Animate Skeleton      Necr           36%          2%          1

Your spell library contained the following spells:

 Spells                   Type           Power        Failure   Level
 Vampiric Draining        Necr           9%           8%          3
 Animate Dead             Necr           9%           26%         4
 Agony                    Necr           18%          56%         5


Dungeon Overview and Level Annotations

Branches:
Dungeon (1/15)

Altars:


Innate Abilities, Weirdness & Mutations

You have a pair of small antennae on your head.


Message History

Aim: a dart slug (severely wounded, chance to affect: 89%)
The dart slug writhes in agony.
Aiming: Pain (safe; 2% risk of failure)
Press: ? - help, Q - select action, (/) - cycle Shift-Dir - straight line, f/p - dart slug
Aim: a dart slug (almost dead, chance to affect: 89%)
The dart slug writhes in agony.
Aiming: Pain (safe; 2% risk of failure)
Press: ? - help, Q - select action, (/) - cycle Shift-Dir - straight line, f/p - dart slug
Aim: a dart slug (almost dead, chance to affect: 89%)
You miscast Pain.
You are very lightly contaminated with residual magic.
Nothing appears to happen.
Your magical contamination has completely faded away.
Aiming: Pain (safe; 2% risk of failure)
Press: ? - help, Q - select action, (/) - cycle Shift-Dir - straight line, f/p - dart slug
Aim: a dart slug (severely wounded, chance to affect: 89%)
The dart slug barely resists.
The dart slug launches a dart at you. The slug dart hits you.
You die...

.###...............######.#...##.
)......................).........
......).......##..........#.#.##.
..............##.########## #
#....###......##.# #....#
#......##.# #....# #......##.#
#....# #.......#.# #....#
#...#...#@##########
#....###...#...#.......w..#
#......#...#...#.########.#
####...#...#...### #.....# ###.
#...#...#...######.###.# .....
###...#............#.w.w.##.....
#......................†..)....?
#...............................
##...............................


You could see a dart slug.

Vanquished Creatures
  2 dart slugs (D:1)
  2 bats (D:1)
  A goblin (D:1)
  4 kobolds (D:1)
  A ball python (D:1)
  A frilled lizard (D:1)
  2 rats (D:1)
13 creatures vanquished.

Notes
Turn   | Place    | Note
-------+----------+-------------------------------------------
     0 | D:1      | CrazyMind the Demonspawn Necromancer began the quest for
                  | the Orb.
     0 | D:1      | Reached XP level 1. HP: 13/13 MP: 3/3
   687 | D:1      | Gained mutation: You have a pair of small antennae on your
                  | head. [demonic ancestry]
   687 | D:1      | Reached XP level 2. HP: 10/19 MP: 0/5
   696 | D:1      | Learned a level 1 spell: Animate Skeleton
   897 | D:1      | Reached skill level 5 in Necromancy
  1098 | D:1      | Killed from afar by a dart slug

Illustrated notes

Levels and vault maps discovered:
D:1:      dpeg_arrival_tiny_j, layout_basic

Skill      XL: |  1  2 |
---------------+-------+-----
Necromancy     | 5 |  5.1
Dodging        | |  1.7
Stealth        | |  1.7
Spellcasting   | |  2.1

Action                   || total
-------------------------++-------
Melee: Whip              ||    13
 Cast: Pain              ||    29
       Animate Skeleton  ||     1
 Stab: Sleeping          ||     1
Armor: Robe              ||     6
Dodge: Dodged            ||    13
